 Seeded DCSS version 0.28-a0-1199-gef9e1dbd39 (webtiles) character file.

Game seed: 20211219 (custom seed)

48 a11behringer the Slasher (level 3, 0/49 HPs)
             Began as a Minotaur Berserker on Dec 19, 2021.
             Was a Follower of Trog.
             Killed from afar by Sigmund (11 damage)
             ... with a magic dart
             ... on level 2 of the Dungeon.
             The game lasted 00:03:13 (907 turns).

a11behringer the Slasher (Minotaur Berserker)        Turns: 907, Time: 00:03:13

Health: 0/49       AC:  3    Str: 23    XL:     3   Next: 50%
Magic:  2/2        EV: 12    Int:  4    God:    Trog [*.....]
Gold:   93         SH:  0    Dex:  9    Spells: 2/2 levels left

rFire   . . .      SeeInvis .   a - +0 falchion
rCold   . . .      Faith    .   (no shield)
rNeg    . . .      Spirit   .   h - +0 leather armour
rPois   .          Reflect  .   (helmet restricted)
rElec   .          Harm     .   (no cloak)
rCorr   .          Rampage  .   (no gloves)
Will    .....                   (no boots)
Stlth   ..........              (no amulet)
HPRegen 0.16/turn               (no ring)
MPRegen 0.08/turn               (no ring)

@: berserking (expiring), very quick
A: horns 2, retaliatory headbutt
a: Renounce Religion, Berserk


You were on level 2 of the Dungeon.
You worshipped Trog.
Trog was aware of your devotion.
You visited 1 branch of the dungeon, and saw 2 of its levels.

You collected 93 gold pieces.

Inventory:

Hand Weapons
 a - a +0 falchion (weapon)
 e - the +7 short sword of Ignis's Delight {vamp, rC+++ Will+++ Str-5 Dex-3}
   (You found it on level 1 of the Dungeon)

   It occasionally heals its wielder for a portion of the damage dealt when it
   wounds a living foe.
   Str:       It affects your strength (-5).
   Dex:       It affects your dexterity (-3).
   rC:        It renders you almost immune to cold.
   Will:      It greatly increases your willpower.
Missiles
 f - 28 sling bullets
 g - 21 arrows
Armour
 b - a +0 animal skin
 h - a +0 leather armour (worn)
Potions
 c - a potion of curing {unknown}
 d - 2 potions of cancellation {unknown}


   Skills:
 + Level 4.2 Fighting
 * Level 4.8 Long Blades
 + Level 2.6 Armour
 + Level 2.4 Dodging


You had 2 spell levels left.
You didn't know any spells.
Your spell library was empty.

Dungeon Overview and Level Annotations

Branches:
Dungeon (2/15)

Altars:

Annotations:
D:2 Sigmund


Innate Abilities, Weirdness & Mutations

You have a pair of horns on your head.
You reflexively headbutt those who attack you in melee.


Message History

An adder comes into view.
The adder hisses angrily.
The adder barely misses you.
You closely miss the adder. The adder bites you. The adder misses you.
You miss the adder. The adder bites you but does no damage.
You hit the adder.
The adder is heavily wounded.
The adder barely misses you. x2
You hit the adder but do no damage. You headbutt the adder.
You kill the adder!
Trog accepts your kill.
No target in view!
You see here an adder corpse.
A hobgoblin comes into view.
The hobgoblin shouts!
You hear a shout!
Sigmund the Dreaded comes into view.
He is wielding a +4 vorpal scythe.
Sigmund shouts!
Found a twisted glowing staff.
Found a stone staircase leading down.
Sigmund gestures at you while chanting. The puff of flame hits you!
The hobgoblin hits you.
Okay, then.
A red film seems to cover your vision as you go berserk!
You feel yourself moving faster!
You feel mighty!
The hobgoblin hits you but does no damage.
You hit the hobgoblin. Your headbutt misses the hobgoblin.
The hobgoblin is severely wounded.
The hobgoblin misses you. You furiously retaliate!
You headbutt the hobgoblin!
You kill the hobgoblin!
Trog accepts your kill.
Sigmund casts a spell.
Sigmund flickers and vanishes!
Deactivating autopickup; reactivate with Ctrl-A.
Something hits you!
* * * LOW HITPOINT WARNING * * *
You closely miss something. You hit something.
You hear some strange, mumbled words.
A magic dart appears from out of thin air!
The magic dart hits you!
You die...

#| ###.## # # #.....
###. .### ##..... ...#
#... ....... #..#..#
##.....##### #...#
#>....{....####.### .#
#......@....†..#..##.#
#..#.#####.####.#.##.#
........#.##.#
.....######.##.#
####### #.##.#
#.##.### #..).†.#
#...<..# #......#


There were no monsters in sight!

Vanquished Creatures
  2 adders (D:2)
  2 dart slugs (D:1)
  3 ball pythons (D:1)
  3 bats (D:1)
  An endoplasm (D:1)
  3 goblins (D:1)
  3 hobgoblins
  A quokka (D:1)
  3 frilled lizards (D:1)
  4 kobolds
25 creatures vanquished.

Notes
Turn   | Place    | Note
-------+----------+-------------------------------------------
     0 | D:1      | a11behringer the Minotaur Berserker began the quest for the
                  | Orb.
     0 | D:1      | Reached XP level 1. HP: 19/19 MP: 0/0
   178 | D:1      | Found a faded altar of an unknown god.
   250 | D:1      | Identified the +7 short sword of Ignis's Delight {vamp,
                  | rC+++ Will+++ Str-5 Dex-3}
   284 | D:1      | Reached XP level 2. HP: 27/27 MP: 1/1
   729 | D:2      | Reached XP level 3. HP: 23/33 MP: 2/2
   900 | D:2      | Noticed Sigmund
   907 | D:2      | Killed from afar by Sigmund

Illustrated notes

Levels and vault maps discovered:
D:1:      tarquinn_simple_flora_water_f, layout_basic,
          hellmonk_ecumenical_altar_lost_god
D:2:      layout_loops_ring, kennysheep_generic_room_16, uniq_sigmund

Skill      XL: |  1  2 |
---------------+-------+-----
Long Blades    | 4 |  4.8
Fighting       | 4 |  4.2
Armour         | |  2.6
Dodging        | |  2.4

Action                   || total
-------------------------++-------
Melee: Falchion          ||    50
       Headbutt          ||     6
Invok: Berserk           ||     1
Armor: Animal skin       ||     4
       Leather armour    ||     3
Dodge: Dodged            ||    38

Table legend: (Time is in decaauts)
 A = Elapsed time spent in this place.
 B = Non-inter-level travel time spent in this place.
 C = Inter-level travel time spent in this place.
 D = Time resting spent in this place.
 E = Time spent auto-exploring this place.
 F = Levels seen in this place.
 G = Mean time per level.
                   A        B        C        D        E       F      G
               +--------+--------+--------+--------+--------+-----+--------+
         Total |    910 |    851 |     59 |      0 |    708 |   2 |  455.0 |
       Dungeon |    910 |    851 |     59 |      0 |    708 |   2 |  455.0 |
               +--------+--------+--------+--------+--------+-----+--------+

Top non-repeatable levels by time:
     D:1: 729 daAuts
     D:2: 180 daAuts
